 Dungeon Crawl Stone Soup version 0.30-a0-297-g0ec75d9ef4 (webtiles) character file.

Game seed: 13567079160582045328

109 lunkers the Slasher (level 5, -4/45 HPs)
             Began as a Meteoran Fighter on Oct 18, 2022.
             Slain by a gnoll
             ... wielding a +0 flail
              (7 damage)
             ... on level 3 of the Dungeon.
             The game lasted 00:02:27 (1133 turns).

lunkers the Slasher (Meteoran Fighter)              Turns: 1133, Time: 00:02:27

Health: -4/45      AC:  6    Str: 18    XL:     5   Next: 36%
Magic:  6/6        EV:  9    Int:  9    God:
Gold:   98         SH:  5    Dex: 15    Spells: 4/4 levels left

rFire   . . .      SeeInvis .    a - +0 long sword
rCold   . . .      Faith    .    c - +0 buckler
rNeg    . . .      Spirit   .    b - +0 scale mail
rPois   .          Reflect  .    (no helmet)
rElec   .          Harm     .    (no cloak)
rCorr   .          Rampage  .    (no gloves)
Will    .....                    (no boots)
Stlth   ..........               e - amulet of the acrobat
HPRegen 0.27/turn                (no ring)
MPRegen 0.10/turn                (no ring)

@: glowing
A: sense surroundings 1, otherworldly, glowing, explore regen
a: no special abilities


You were on level 3 of the Dungeon.
You visited 1 branch of the dungeon, and saw 3 of its levels.

You collected 98 gold pieces.

Inventory:

Hand Weapons
 a - a +0 long sword (weapon)
Missiles
 n - 5 atropa-tipped darts
Armour
 b - a +0 scale mail (worn)
 c - a +0 buckler (worn)
Jewellery
 e - an amulet of the acrobat (around neck)
Scrolls
 f - 2 scrolls of teleportation {unknown}
 g - a scroll of silence {unknown}
 h - 4 scrolls of identify {unknown}
 j - a scroll of enchant armour {unknown}
 k - a scroll of blinking {unknown}
 m - a scroll of fog {unknown}
 o - a scroll of magic mapping {unknown}
Potions
 d - a potion of might
 i - 3 potions of heal wounds {unknown}
 l - a potion of mutation {unknown}


   Skills:
 - Level 3.2 Fighting
 * Level 5.9 Long Blades
 - Level 3.6 Armour
 - Level 3.6 Shields


You had 4 spell levels left.
You didn't know any spells.
Your spell library was empty.

Dungeon Overview and Level Annotations

Branches:
Dungeon (3/15) Zot: 636

Altars:


Innate Abilities, Weirdness & Mutations

You passively map a small area around you.
You are easily found by Zot.
You glow in the dark.
You regain HP and MP as you explore.


Message History

You hit the gnoll.
The gnoll is moderately wounded.
The orc barely misses you.
A gnoll comes into view. It is wielding a +0 flail.
The gnoll hits you with a +0 club.
* * * LOW HITPOINT WARNING * * *
You closely miss the gnoll.
The gnoll is moderately wounded.
The orc closely misses you. The gnoll closely misses you.
Unknown command.
You hit the gnoll but do no damage.
The gnoll is moderately wounded.
The orc barely misses you. The gnoll hits you with a +0 club.
* * * LOW HITPOINT WARNING * * *
You barely miss the gnoll.
The gnoll is moderately wounded.
The orc closely misses you. The gnoll hits you with a +0 club.
* * * LOW HITPOINT WARNING * * *
You slash the gnoll!
You kill the gnoll!
The gnoll closely misses you. The orc hits you with a +0 whip.
* * * LOW HITPOINT WARNING * * *
You slash the orc!
You kill the orc!
The gnoll closely misses you. The gnoll hits you with a +0 flail.
* * * LOW HITPOINT WARNING * * *
You hit the gnoll.
The gnoll is moderately wounded.
The gnoll closely misses you.
You hit the gnoll.
The gnoll is heavily wounded.
You block the gnoll's attack.
You hit the gnoll.
The gnoll is almost dead.
The gnoll hits you with a +0 flail.
* * * LOW HITPOINT WARNING * * *
You hit the gnoll but do no damage.
The gnoll is almost dead.
The gnoll hits you with a +0 flail!
You die...

, ~ #.# , * * , #.# ,,~
#.## ' * , ,, , ,, ,#..
, , , ~ ,#.., , ,
#.################
#.#....)......#... ,~~
#g'.....).....).).
#@#...........#.).
~~#.))#############'''
,~~#...#......)........
* #####≈~~~~~~~≈~≈~...
≈≈≈≈≈≈≈≈≈≈≈≈≈≈≈~...
~~≈~~≈~≈~~~≈~≈~~~... *
...................)
**#### ###>†.)........†
#...#.##########


You could see a gnoll.

Vanquished Creatures
  2 adders
  4 gnolls (D:3)
  A dart slug (D:1)
  7 orcs (D:3)
  A ball python (D:1)
  An endoplasm (D:2)
  A giant cockroach (D:2)
  2 goblins (D:1)
  4 hobgoblins
  8 jackals (D:3)
  2 quokkas (D:1)
  2 bats (D:2)
  2 frilled lizards (D:2)
  2 kobolds
  3 rats
42 creatures vanquished.

Notes
Turn   | Place    | Note
-------+----------+-------------------------------------------
     0 | D:1      | lunkers the Meteoran Fighter began the quest for the Orb.
     0 | D:1      | Reached XP level 1. HP: 19/19 MP: 2/2
    48 | D:1      | Reached skill level 3 in Long Blades
    48 | D:1      | Reached XP level 2. HP: 26/26 MP: 3/3
   359 | D:2      | Reached XP level 3. HP: 31/31 MP: 4/4
   554 | D:2      | Reached skill level 4 in Long Blades
   740 | D:2      | Found a faded altar of an unknown god.
   883 | D:3      | Reached XP level 4. HP: 38/38 MP: 5/5
  1041 | D:3      | Reached skill level 5 in Long Blades
  1096 | D:3      | Reached XP level 5. HP: 29/45 MP: 6/6
  1133 | D:3      | Slain by a gnoll

Illustrated notes

Levels and vault maps discovered:
D:1:      wander_arrival_estate, layout_loops_ring
D:2:      layout_loops_ring, shapermc_ecumenical_altar_notcrosses
D:3:      lemuel_castle_with_subvaults [lemuel_castle_interior_carwin_1],
          layout_basic, hangedman_decor_clover_reticule, wad_floor_pattern_1

Skill      XL: |  1  2  3  4 |
---------------+-------------+-----
Long Blades    | 3 4 5 |  5.9
Fighting       | |  3.2
Armour         | |  3.6
Shields        | |  3.6

Action                   |  1- 3 |  4- 6 || total
-------------------------+-------+-------++-------
Melee: Long sword        |    66 |    69 ||   135
Armor: Scale mail        |    30 |    39 ||    69
Dodge: Dodged            |    30 |    55 ||    85
Block: Buckler           |    12 |    17 ||    29

Table legend: (Time is in decaauts)
 A = Elapsed time spent in this place.
 B = Non-inter-level travel time spent in this place.
 C = Inter-level travel time spent in this place.
 D = Time resting spent in this place.
 E = Time spent auto-exploring this place.
 F = Levels seen in this place.
 G = Mean time per level.
                   A        B        C        D        E       F      G
               +--------+--------+--------+--------+--------+-----+--------+
         Total |   1162 |   1088 |     74 |      0 |    763 |   3 |  387.3 |
       Dungeon |   1162 |   1088 |     74 |      0 |    763 |   3 |  387.3 |
               +--------+--------+--------+--------+--------+-----+--------+

Top non-repeatable levels by time:
     D:2: 466 daAuts
     D:3: 359 daAuts
     D:1: 336 daAuts
